 Dungeon Crawl Stone Soup version 0.27.1-33-g824d729ab1 (webtiles) character file.

Game seed: 7786471889000766263

96455 McKennaii the Earth Mage (level 15, -6/121 HPs)
             Began as a Demigod Conjurer on Dec 11, 2021.
             Killed from afar by a wretched star (14 damage)
             ... with a lance of force
             ... on level 1 of the Abyss.
             The game lasted 01:17:17 (35787 turns).

McKennaii the Earth Mage (Demigod Conjurer)        Turns: 35787, Time: 01:17:19

Health: -6/121     AC: 12    Str:  8    XL:     15   Next: 25%
Magic:  21/38      EV: 12    Int: 43    God:
Gold:   2337       SH:  0    Dex: 12    Spells: 18/42 levels left

rFire    + . .     SeeInvis .   t - staff of conjuration
rCold    + . .     Faith    .   (no shield)
rNeg     . . .     Spirit   .   W - +2 robe {rC+ rF+}
rPois    +         Reflect  .   L - +2 helmet {Int+3}
rElec    .         Harm     .   F - +2 cloak
rCorr    .         Rampage  .   D - +0 pair of gloves
Will     +....                  R - +1 pair of boots "Beynikh" {Dex+4}
Stlth    +.........             Z - amulet of magic regeneration
HPRegen  0.30/turn              X - ring "Lela" {Wiz rPois}
MPRegen  0.51/turn              Q - ring of wizardry

@: confused, about to teleport, ambrosia-drunk
A: high mp 1, forlorn, [clumsy 2], [deformed body]
a: no special abilities


You were on level 1 of the Abyss.
You visited 3 branches of the dungeon, and saw 22 of its levels.
You visited the Abyss 1 time.
You also visited: Ice Cave and Volcano.

You collected 2499 gold pieces.
You spent 162 gold pieces at shops.

Inventory:

Hand Weapons
 V - the +8 whip "Snakebite" {venom, curare, rPois}
   (You found it on level 2 of the Lair of Beasts)

   It poisons the flesh of those it strikes.
   It occasionally inflicts asphyxiating poison on those it strikes, dealing
   poison damage and causing slowness.
   rPois:     It protects you from poison.
 Y - the +3 trident "Ydgho Folo" {vorpal, Fly rN++}
   (You found it on level 6 of the Lair of Beasts)

   It inflicts extra damage upon your enemies.
   rN:        It greatly protects you from negative energy.
   Fly:       It grants you flight.
Armour
 f - +0 fire dragon scales
 D - a +0 pair of gloves (worn)
 F - a +2 cloak (worn)
 L - a +2 helmet of intelligence (worn)
 P - +0 ice dragon scales
 R - the +1 pair of boots "Beynikh" (worn) {Dex+4}
   (You found it in a volcano)

   Dex:       It affects your dexterity (+4).
 W - a +2 robe of resistance (worn)
Magical Staves
 t - a staff of conjuration (weapon)
 N - a staff of cold
Jewellery
 v - a ring of see invisible
 x - a ring of protection from fire
 Q - a ring of wizardry (right hand)
 T - a ring of positive energy
 U - the amulet of the Air {Inacc Air Fly rElec RMsl}
   (You found it in an ice cave)

   [amulet of nothing]

   It reduces the accuracy of all your attacks.
   It enhances your air magic.
   rElec:     It insulates you from electricity.
   Fly:       It grants you flight.
   RMsl:      It protects you from missiles.
 X - the ring "Lela" (left hand) {Wiz rPois}
   (You found it on level 5 of the Lair of Beasts)

   [ring of wizardry]

   It improves your spell success rate.
   rPois:     It protects you from poison.
 Z - an amulet of magic regeneration (around neck)
Wands
 u - a wand of polymorph (6)
 w - a wand of acid (5)
 y - a wand of mindburst (9)
 B - a wand of flame (98)
 E - a wand of charming (20)
 G - a wand of digging (4)
Scrolls
 b - 2 scrolls of magic mapping
 d - 6 scrolls of teleportation
 h - 2 scrolls of noise {unknown}
 k - 3 scrolls of blinking
 l - 3 scrolls of summoning {unknown}
 m - 6 scrolls of enchant weapon
 n - a scroll of silence {unknown}
 o - 6 scrolls of amnesia
 p - a scroll of vulnerability {unknown}
 q - 3 scrolls of immolation
 s - 4 scrolls of fear {unknown}
 H - a scroll of acquirement
 I - 4 scrolls of enchant armour {unknown}
 J - 5 scrolls of fog
 K - a scroll of holy word
Potions
 a - 4 potions of attraction
 c - 7 potions of curing
 e - 6 potions of magic
 g - 6 potions of heal wounds
 i - 3 potions of flight
 j - 6 potions of haste
 r - 5 potions of lignification
 z - 2 potions of invisibility
 A - 3 potions of mutation
 C - 4 potions of cancellation
 M - 4 potions of brilliance
 O - 2 potions of ambrosia
 S - a potion of might {unknown}


   Skills:
 - Level 7.8 Fighting
 - Level 0.2(0.3) Short Blades
 - Level 0.2(0.3) Long Blades
 - Level 0.4(0.6) Axes
 - Level 0.2(0.6) Maces & Flails
 - Level 0.2(0.6) Polearms
 - Level 0.6(0.8) Staves
 - Level 0.2(0.4) Slings
 - Level 0.7 Bows
 - Level 0.2 Crossbows
 - Level 0.4(0.5) Throwing
 - Level 0.2 Armour
 - Level 1.7 Dodging
 - Level 1.7 Stealth
 - Level 0.3 Shields
 - Level 0.3 Unarmed Combat
 + Level 14.0 Spellcasting
 - Level 10.0 Conjurations
 - Level 0.5 Hexes
 - Level 1.7 Summonings
 - Level 0.2 Necromancy
 - Level 3.0 Translocations
 - Level 0.2 Transmutations
 - Level 0.5 Fire Magic
 - Level 0.3 Ice Magic
 - Level 0.4 Air Magic
 + Level 16.0 Earth Magic
 - Level 0.2 Poison Magic
 - Level 0.3 Evocations


You had 18 spell levels left.
You knew the following spells:

 Your Spells              Type           Power      Damage    Failure   Level
a - Magic Dart            Conj           100%       1d8       0%          1
b - Searing Ray           Conj           100%       3d7       0%          2
c - Iskenderun's Mystic   Conj/Tloc      92%        2d18      1%          4
d - Stone Arrow           Conj/Erth      100%       3d13      0%          3
e - Lee's Rapid Deconstr  Erth           53%        3d26*     1%          5
f - Shatter               Erth           53%        3d40*     32%         9

Your spell library contained the following spells:

 Spells                   Type           Power      Damage    Failure   Level
 Sandblast                Erth           100%       2d20      0%          1
 Animate Skeleton         Necr           64%        N/A       1%          1
 Pain                     Necr           100%       1d9       1%          1
 Blink                    Tloc           N/A        N/A       1%          2
 Call Imp                 Summ           44%        N/A       1%          2
 Passwall                 Tmut/Erth      65%        N/A       1%          2
 Slow                     Hex            35%        N/A       1%          2
 Static Discharge         Conj/Air       85%        N/A       1%          2
 Call Canine Familiar     Summ           44%        N/A       1%          3
 Confusing Touch          Hex            35%        N/A       1%          3
 Dazzling Flash           Conj/Hex       100%       N/A       1%          3
 Gell's Gravitas          Tloc           27%        N/A       1%          3
 Inner Flame              Hex/Fire       35%        N/A       1%          3
 Lesser Beckoning         Tloc           27%        N/A       1%          3
 Mephitic Cloud           Conj/Pois/Air  74%        N/A       1%          3
 Portal Projectile        Hex/Tloc       90%        N/A       1%          3
 Swiftness                Air            33%        N/A       1%          3
 Teleport Other           Tloc           54%        N/A       1%          3
 Vampiric Draining        Necr           16%        2d8       1%          3
 Fulminant Prism          Conj/Hex       42%        3d20      1%          4
 Leda's Liquefaction      Hex/Erth       39%        N/A       1%          4
 Sticky Flame             Conj/Fire      85%        2d10      1%          4
 Bolt of Magma            Conj/Fire/Erth 51%        4d21      1%          5
 Statue Form              Tmut/Erth      52%        N/A       1%          6
 Cause Fear               Hex            17%        N/A       2%          4
 Dispel Undead            Necr           32%        3d14      2%          4
 Manifold Assault         Tloc           54%        N/A       2%          5
 Summon Forest            Summ/Tloc      25%        N/A       2%          5
 Summon Mana Viper        Hex/Summ       39%        N/A       4%          5
 Starburst                Conj/Fire      42%        6d12      4%          6
 Silence                  Hex/Air        17%        N/A       6%          5
 Yara's Violent Unravell  Hex/Tmut       16%        3d8       6%          5
 Agony                    Necr           32%        N/A       7%          5
 Blade Hands              Tmut           16%        N/A       7%          5
 Excruciating Wounds      Necr           16%        N/A       7%          5
 Dispersal                Tloc           27%        N/A       11%         6
 Shadow Creatures         Summ           N/A        N/A       19%         6
 Invisibility             Hex            17%        N/A       28%         6
 Dragon Form              Tmut           16%        N/A       83%         7
 Discord                  Hex            17%        N/A       100%        8
 Dragon's Call            Summ           22%        N/A       100%        9


Dungeon Overview and Level Annotations

Branches:
Dungeon (14/15)            Temple (0/1) D:5            Lair (6/6) D:8
 Shoals (0/4) Lair:4       Spider (0/4) Lair:2        Slime (0/5) Lair:5
    Orc (2/2) D:12            Elf (0/3) Orc:2         IceCv (visited)
Volcano (visited)
 Vaults: D:13-14

Shops:
D:3 *   D:6 (   Orc:2 **(

Annotations:
D:14 Louise


Innate Abilities, Weirdness & Mutations

Your attributes grow dramatically as you level up.
You have an increased reservoir of magic. (+10% MP)
You shall have no god before yourself.
[You are very clumsy. (Dex -4)]
[Armour fits poorly on your strangely shaped body.]


Message History

A sixfirhy comes into view.
A small abomination comes into view.
The wretched star glows turbulently.
The lance of force hits you!!
You are knocked back by the lance of force.
You slam into the stone wall!
You see here 28 gold pieces.
An ettin simulacrum comes into view.
Casting: Stone Arrow (safe; 0% risk of failure)
Confirm with . or Enter, or press ? or * to list all spells.
Aiming: Stone Arrow (safe; 0% risk of failure)
Press: ? - help, Shift-Dir - straight line, f - ettin simulacrum
Aim: an ettin simulacrum (wandering, hasn't noticed you, 100% to hit)
Okay, then.
Casting: Stone Arrow (safe; 0% risk of failure)
Confirm with . or Enter, or press ? or * to list all spells.
Aiming: Stone Arrow (safe; 0% risk of failure)
Press: ? - help, Shift-Dir - straight line, f - ettin simulacrum
Aim: an ettin simulacrum (wandering, hasn't noticed you, 100% to hit)
You feel a surge of power!
The stone arrow hits the ettin simulacrum!
The ettin simulacrum is heavily damaged.
You are confused.
You feel invigorated. The sixfirhy hits you. The sixfirhy shocks you!
* * * LOW HITPOINT WARNING * * *
The sixfirhy hits you.
* * * LOW HITPOINT WARNING * * *
The sixfirhy shocks you!
* * * LOW HITPOINT WARNING * * *
The wretched star pulses with an eldritch light!
You feel clumsy. x2; Your body twists and deforms.
Unknown command.
The sixfirhy barely misses you. The sixfirhy closely misses you.
The sixfirhy hits you!
* * * LOW HITPOINT WARNING * * *
The sixfirhy shocks you!
* * * LOW HITPOINT WARNING * * *
The wretched star glows turbulently.
The lance of force hits you!
You die...

.. ..#..># .
.. ##... #
.# ##.#
>....# .
##...##*...#
.#.....#...#
.........#
#..3.$###
#..#..##3.#
#.#x*..@#
#.ยง##.Z#.#
.........
#..###.#...'
...#
##...#..
##.. ######
###


You could see a wretched star, a sixfirhy, a small abomination and an ettin
simulacrum.

Vanquished Creatures
  Rupert (Lair:4)
  Jorgrun (D:12)
  An orc warlord (Orc:1)
  A green death (Abyss:1)
  The ghost of spimroxx the Martial Artist, a journeyman GnTm of Okawaru (Lair:5)
  An ettin (Orc:1)
  The ghost of makewrite the Spear-Bearer, a journeyman MiGl of Makhleb (D:11)
  5 hydras
  An ice dragon (IceCv)
  4 boulder beetles
  Erica (Orc:1)
  2 centaur warriors
  3 catoblepae (Lair:6)
  A death knight (D:13)
  10 death yaks
  8 two-headed ogres
  An orc high priest (Orc:2)
  A sun demon (Volcano)
  Nergalle (D:11)
  3 skeletal warriors (D:12)
  2 orc knights (Orc:2)
  A spectral wolf spider (D:11)
  3 deep elf pyromancers
  3 oklob plants
  7 deep elf zephyrmancers (Orc:1)
  4 ugly things
  5 cyclopes
  2 orc sorcerers
  4 manticores
  2 spectral centaurs (D:11)
  14 elephants
  2 ice statues (IceCv)
  A smoke demon (Orc:2)
  9 cane toads
  7 black mambas
  A torpor snail (Lair:6)
  Psyche (D:9)
  The ghost of destino the Arsonist, a novice FeFE of Vehumet (D:8)
  6 rime drakes
  A kobold demonologist (D:10)
  12 komodo dragons
  5 red devils (Volcano)
  A polar bear (Lair:1)
  5 trolls
  A queen bee (Lair:5)
  14 blink frogs
  A meliai (Lair:5)
  3 hornets (Lair:5)
  6 dream sheep (Lair:4)
  2 vampires (D:11)
  Sigmund (D:4)
  A centaur simulacrum (D:11)
  75 yaks
  A shadow (D:8)
  7 wyverns
  2 basilisks
  2 wraiths (D:12)
  2 wargs
  3 hell hounds (Volcano)
  18 water moccasins
  An acid dragon (D:10)
  28 orc warriors
  A sky beast (D:6)
  2 black bears
  A necrophage (D:7)
  4 ogres
  2 ice beasts
  6 centaurs
  6 wolves (Lair:2)
  Blork the orc (D:4)
  6 kobold brigands
  5 scorpions
  11 bullfrogs
  2 gnoll sergeants
  12 killer bees
  A lindwurm simulacrum (IceCv)
  9 wights
  6 howler monkeys
  8 electric eels (D:7)
  4 centaur zombies
  4 bullfrog zombies
  8 starcursed masses (Abyss:1)
  6 komodo dragon simulacra (IceCv)
  A hound (D:6)
  A jelly (D:6)
  17 orc priests
  4 centaur skeletons
  Terence (D:2)
  7 iguanas
  16 orc wizards
  A killer bee zombie (D:7)
  A hound zombie (D:5)
  3 howler monkey zombies
  10 gnolls
  6 acid dragon simulacra (IceCv)
  3 adders (Lair:2)
  14 white imps
  2 ufetubi
  8 steam dragon simulacra (IceCv)
  7 worms
  4 dart slugs
  76 orcs
  4 ball pythons
  7 endoplasms
  6 giant cockroaches
  16 goblins
  3 hobgoblins
  3 jackals (D:1)
  3 quokkas
  8 bats
  2 frilled lizards
  41 kobolds
  5 rats
700 creatures vanquished.

Vanquished Creatures (others)
  A bush (Lair:4)
  39 fungi
  92 plants
132 creatures vanquished.

Grand Total: 832 creatures vanquished

Notes
Turn   | Place    | Note
-------+----------+-------------------------------------------
     0 | D:1      | McKennaii the Demigod Conjurer began the quest for the Orb.
     0 | D:1      | Reached XP level 1. HP: 14/14 MP: 5/5
   417 | D:1      | Reached XP level 2. HP: 20/20 MP: 5/7
   420 | D:1      | Learned a level 2 spell: Searing Ray
  1040 | D:2      | Noticed Terence
  1187 | D:2      | Reached XP level 3. HP: 26/26 MP: 8/10
  2213 | D:2      | Killed Terence
  2214 | D:2      | Reached XP level 4. HP: 33/33 MP: 5/12
  2927 | D:3      | Learned a level 4 spell: Iskenderun's Mystic Blast
  2949 | D:3      | Found Qunathripp's Assorted Antiques.
  2955 | D:3      | Bought a scroll labelled HEKLUX SUNGAKH for 29 gold pieces
  2955 | D:3      | Bought a scroll labelled UTIZOM BUESA for 29 gold pieces
  2955 | D:3      | Bought a bubbling black potion for 26 gold pieces
  2955 | D:3      | Bought a coppery potion for 26 gold pieces
  3208 | D:4      | Reached XP level 5. HP: 36/38 MP: 8/15
  3517 | D:4      | Reached skill level 5 in Spellcasting
  3772 | D:4      | Reached XP level 6. HP: 39/45 MP: 10/17
  3924 | D:4      | Noticed Sigmund
  3927 | D:4      | Killed Sigmund
  3928 | D:4      | Reached skill level 1 in Summonings
  4044 | D:4      | Noticed Blork the orc
  4051 | D:4      | Killed Blork the orc
  4358 | D:5      | Entered Level 5 of the Dungeon
  4368 | D:5      | Reached XP level 7. HP: 46/50 MP: 7/19
  4670 | D:5      | Reached skill level 1 in Fighting
  5086 | D:5      | Found a staircase to the Ecumenical Temple.
  5676 | D:6      | Found Werphoereu's Antique Weapon Shoppe.
  5759 | D:6      | Reached XP level 8. HP: 67/67 MP: 14/20
  5767 | D:6      | Reached skill level 5 in Fighting
  6149 | D:6      | Reached skill level 1 in Translocations
  7159 | D:7      | Identified the +3 robe of Kyets {-Cast rPois rF++ Slay+2}
  7486 | D:7      | Reached XP level 9. HP: 80/80 MP: 14/21
  8092 | D:7      | Reached skill level 5 in Conjurations
  9905 | D:8      | Found a runed translucent gate.
  9906 | D:8      | Found a runed translucent gate.
  9907 | D:8      | Found a runed translucent gate.
  9911 | D:8      | Noticed destino's ghost (novice FeFE)
 10041 | D:8      | Reached XP level 10. HP: 83/88 MP: 13/22
 10663 | D:8      | Found a staircase to the Lair.
 10846 | D:8      | Killed destino's ghost
 11080 | D:9      | Learned a level 3 spell: Stone Arrow
 11131 | D:9      | Learned a level 5 spell: Lee's Rapid Deconstruction
 11149 | D:9      | Reached skill level 1 in Earth Magic
 11239 | D:9      | Reached skill level 10 in Conjurations
 11239 | D:9      | Reached skill level 2 in Earth Magic
 11244 | D:9      | Noticed Psyche
 11248 | D:9      | Killed Psyche
 11249 | D:9      | Reached skill level 3 in Earth Magic
 11276 | D:8      | Reached skill level 4 in Earth Magic
 11550 | D:9      | Noticed a two-headed ogre
 11564 | D:9      | Killed a two-headed ogre
 11565 | D:9      | Reached skill level 5 in Earth Magic
 11689 | D:9      | Noticed a two-headed ogre
 11697 | D:9      | Killed a two-headed ogre
 11698 | D:9      | Reached skill level 6 in Earth Magic
 12358 | D:9      | Reached XP level 11. HP: 87/94 MP: 13/24
 12512 | D:10     | Entered Level 10 of the Dungeon
 12829 | D:10     | Reached skill level 7 in Earth Magic
 13515 | D:11     | Reached skill level 8 in Earth Magic
 13607 | D:11     | Noticed a centaur warrior
 13608 | D:11     | Noticed a two-headed ogre
 13620 | D:11     | Killed a centaur warrior
 13624 | D:11     | Killed a two-headed ogre
 13625 | D:11     | Reached skill level 9 in Earth Magic
 14012 | D:11     | Found a runed translucent gate.
 14027 | D:11     | Reached skill level 10 in Earth Magic
 14174 | D:11     | Found a runed translucent gate.
 14175 | D:11     | Found a runed translucent gate.
 14177 | D:11     | Noticed makewrite's ghost (journeyman MiGl)
 14189 | D:11     | Noticed a two-headed ogre
 14199 | D:11     | Killed a two-headed ogre
 14436 | D:11     | Noticed a two-headed ogre
 14441 | D:11     | Killed a two-headed ogre
 14674 | D:11     | Noticed Nergalle
 14685 | D:11     | Killed Nergalle
 15008 | D:11     | Reached skill level 11 in Earth Magic
 15482 | D:11     | Killed makewrite's ghost
 15483 | D:11     | Reached XP level 12. HP: 101/101 MP: 2/25
 15701 | D:3      | Bought 2 murky purple potions for 52 gold pieces
 15955 | D:12     | Noticed Jorgrun
 16371 | Lair:1   | Entered Level 1 of the Lair of Beasts
 16683 | Lair:1   | Reached skill level 12 in Earth Magic
 17385 | Lair:1   | Noticed an eight-headed hydra
 17389 | Lair:1   | Killed an eight-headed hydra
 18737 | Lair:2   | Found a frozen archway.
 18878 | IceCv    | Entered an ice cave
 19924 | IceCv    | Noticed an ice dragon
 19946 | IceCv    | Killed an ice dragon
 19947 | IceCv    | Reached skill level 13 in Earth Magic
 20070 | IceCv    | Found the amulet of the Air {Inacc Air Fly rElec RMsl}
 20572 | Lair:2   | Found a hole to the Spider Nest.
 20874 | Lair:2   | Noticed a four-headed hydra
 20881 | Lair:2   | Killed a four-headed hydra
 20960 | Lair:2   | Found the +8 whip "Snakebite" {venom, curare, rPois}
 22373 | Lair:4   | Found a staircase to the Shoals.
 22878 | Lair:4   | Noticed a seven-headed hydra
 22888 | Lair:4   | Killed a seven-headed hydra
 22889 | Lair:4   | Reached XP level 13. HP: 79/107 MP: 16/30
 23006 | Lair:4   | Noticed Rupert
 23017 | Lair:4   | Paralysed by Rupert for 7 turns
 23055 | Lair:4   | Killed Rupert
 24184 | Lair:4   | Reached skill level 14 in Earth Magic
 24805 | Lair:5   | Identified the ring "Lela" {Wiz rPois}
 25088 | Lair:5   | Noticed spimroxx's ghost (journeyman GnTm)
 25095 | Lair:5   | Found a transporter.
 25133 | Lair:5   | Found a transporter.
 25175 | Lair:5   | Found a staircase to the Slime Pits.
 25738 | Lair:6   | Entered Level 6 of the Lair of Beasts
 25917 | Lair:6   | Reached skill level 10 in Spellcasting
 26993 | Lair:6   | Reached XP level 14. HP: 59/114 MP: 19/33
 27005 | Lair:6   | Reached skill level 15 in Earth Magic
 30084 | Lair:6   | Identified the +3 trident "Ydgho Folo" {vorpal, Fly rN++}
 30434 | Lair:5   | Killed spimroxx's ghost
 30867 | D:12     | Killed Jorgrun
 31112 | D:12     | Learned a level 9 spell: Shatter
 31139 | D:12     | Found a staircase to the Orcish Mines.
 32836 | D:14     | Identified the +1 tower shield "Sip Geitill" {Regen+ rCorr
                  | Int+2}
 32836 | D:14     | Noticed Louise
 32915 | Orc:1    | Entered Level 1 of the Orcish Mines
 32970 | Orc:1    | Noticed Erica
 32975 | Orc:1    | Killed Erica
 34024 | Orc:2    | Entered Level 2 of the Orcish Mines
 34032 | Orc:2    | Reached XP level 15. HP: 94/119 MP: 14/37
 34420 | Orc:2    | Found a staircase to the Elven Halls.
 34548 | Orc:2    | Found Konle's Antique Weapon Emporium.
 34658 | Orc:2    | Found a dark tunnel.
 34679 | Volcano  | Entered a volcano
 34715 | Volcano  | Identified the +1 pair of boots "Beynikh" {Dex+4}
 34741 | Volcano  | Identified a scroll of acquirement
 35393 | Orc:2    | Found Bulo's General Store.
 35634 | Orc:2    | Found Anylamo's General Store.
 35643 | Orc:2    | Cast into level 1 of the Abyss (orc)
 35762 | Abyss:1  | Reached skill level 16 in Earth Magic
 35787 | Abyss:1  | Killed from afar by a wretched star

Illustrated notes

Levels and vault maps discovered:
D:1:      lemuel_arrival_lava_pool, layout_basic,
          hellmonk_ecumenical_altar_defaced_shrine, serial_glass,
          glass_columns_a, glass_columns_c, glass_columns_a, glass_columns_a,
          glass_columns_a, glass_columns_a, glass_columns_c, glass_columns_b,
          minmay_misc_feat_iff
D:2:      kennysheep_six_static_rooms, layout_loops_ring, uniq_terence
D:3:      layout_rooms, serial_shops, shop_fountains, minivault_11,
          minmay_misc_feat_rugged, minmay_randomly_rotated_circles
D:4:      layout_cave_pools, uniq_blork_the_orc, uniq_sigmund
D:5:      layout_loops_ring, minmay_temple_entry_hall, small_statue_alley_b
D:6:      layout_basic, old_standard_altar, serial_shops,
          nicolae_shop_competitors_out_of_business, minmay_misc_feat_diagonals,
          minivault_26
D:7:      layout_loops_ring, serial_bayou_lake_a
D:8:      layout_basic, kiku_gazebo_pond_becter, lair_entry_dummy,
          serial_curves, eino_curves_01, eino_curves_03,
          biasface_ghost_orc_armoury
D:9:      layout_basic, kennysheep_orc_sif_temple, amcnicky_altar_gilded,
          fountainhead, minmay_diced_spiral, uniq_psyche
D:10:     layout_big_octagon, tgw_fedhas,
          mainiacjoe_overflow_concentric_impassable,
          gammafunk_temple_overflow_forgotten
D:11:     layout_long_grid, gammafunk_ghost_necromancy,
          lightli_fourway_metalbox, uniq_nergalle
D:12:     layout_long_grid, david_orc_3, uniq_jorgrun
D:13:     layout_roguey
D:14:     layout_roguey, grunt_vaults_entry_tiered,
          chequers_serial_rivers_micro_a, uniq_louise
Lair:1:   beast_lair_carwin_large_3, layout_cave_pods
Lair:2:   minmay_guarded_unrand_snakebite, layout_regular_city,
          nicolae_spider_entry_non_spiders, portal_ice_cave_entry_imps,
          beast_lair_carwin_10
Lair:3:   layout_cave_pods
Lair:4:   layout_gridlike, shoals_dummy_entry, grunt_megastairs_1, uniq_rupert
Lair:5:   layout_cave_pods, slime_altar_1, gammafunk_ghost_hive,
          minmay_lair_oklob_chamber, serial_bayou_shore_b
Lair:6:   evilmike_catoblepas_cave, layout_regular_city, grunt_megastairs_2
Orc:1:    layout_caves, elves_outpost_lemuel, uniq_erica
Orc:2:    pf_orc_diabolical, layout_caves, serial_shops, nicolae_square_shop,
          enter_volcano_2, basic_altar, lemuel_statue_altar, mines2_david
Abyss:1:  base:
Temple

Skill      XL: |  1  2  3  4  5  6  7  8  9 10 11 12 13 14 15 |
---------------+----------------------------------------------+-----
Spellcasting   | 2 3 4 5 6 8 10 13 14 | 14.0
Summonings     | 1 |  1.7
Fighting       | 4 7 |  7.8
Translocations | 2 3 |  3.0
Conjurations   | 8 10 | 10.0
Earth Magic    | 6 11 13 14 15 16 | 16.0
Short Blades   | |  0.2
Long Blades    | |  0.2
Axes           | |  0.4
Maces & Flails | |  0.2
Polearms       | |  0.2
Staves         | |  0.6
Slings         | |  0.2
Bows           | |  0.7
Crossbows      | |  0.2
Throwing       | |  0.4
Armour         | |  0.2
Dodging        | |  1.7
Stealth        | |  1.7
Shields        | |  0.3
Unarmed Combat | |  0.3
Hexes          | |  0.5
Necromancy     | |  0.2
Transmutations | |  0.2
Fire Magic     | |  0.5
Ice Magic      | |  0.3
Air Magic      | |  0.4
Poison Magic   | |  0.2
Evocations     | |  0.3

Action                   |  1- 3 |  4- 6 |  7- 9 | 10-12 | 13-15 || total
-------------------------+-------+-------+-------+-------+-------++-------
Melee: Staff             |       |       |     2 |    42 |    45 ||    89
 Cast: Magic Dart        |    80 |    91 |   159 |   257 |   256 ||   843
       Searing Ray       |     5 |    16 |    60 |   112 |    57 ||   250
       Iskenderun's Myst |       |       |     6 |    70 |   233 ||   309
       Stone Arrow       |       |       |       |    91 |   223 ||   314
       Lee's Rapid Decon |       |       |       |       |    10 ||    10
       Shatter           |       |       |       |       |     3 ||     3
Evoke: Wand              |       |       |       |     5 |    29 ||    34
  Use: Scroll            |       |       |       |    18 |     7 ||    25
       Potion            |       |       |       |       |     3 ||     3
Armor: Robe              |     3 |     3 |    24 |   154 |   128 ||   312
Dodge: Dodged            |    10 |    12 |    38 |   156 |   183 ||   399
       Repelled          |       |       |       |       |     3 ||     3
